 Dungeon Crawl Stone Soup version 0.28.0-53-g5a82cb258f (webtiles) character file.

Game seed: 9387332205606123241

342 concernfroge the Poker (level 6, -1/56 HPs)
             Began as a Minotaur Berserker on June 17, 2022.
             Was a Believer of Trog.
             Slain by an adder (4 damage)
             ... on level 3 of the Dungeon.
             The game lasted 00:06:57 (2887 turns).

concernfroge the Poker (Minotaur Berserker)         Turns: 2887, Time: 00:06:58

Health: -1/56      AC: 12    Str: 24    XL:     6   Next: 30%
Magic:  5/5        EV:  7    Int:  4    God:    Trog [**....]
Gold:   80         SH:  0    Dex:  9    Spells: 5/5 levels left

rFire   . . .      SeeInvis .   a - +1 spear
rCold   . . .      Faith    .   (no shield)
rNeg    + . .      Spirit   .   e - +0 plate armour
rPois   .          Reflect  .   (helmet restricted)
rElec   .          Harm     .   (no cloak)
rCorr   .          Rampage  .   (no gloves)
Will    .....                   (no boots)
Stlth   ..........              (no amulet)
HPRegen 0.18/turn               f - ring of positive energy
MPRegen 0.09/turn               (no ring)

@: lethally poisoned (-1 -> -6), about to teleport, on berserk cooldown, slowed,
very slow
A: horns 2, retaliatory headbutt
a: Renounce Religion, Berserk, Trog's Hand


You were on level 3 of the Dungeon.
You worshipped Trog.
Trog was pleased with you.
You visited 1 branch of the dungeon, and saw 3 of its levels.

You collected 122 gold pieces.
You spent 42 gold pieces at shops.

Inventory:

Hand Weapons
 a - a +1 spear (weapon)
Armour
 b - a +0 animal skin
 e - a +0 plate armour (worn)
 j - a +2 ring mail of willpower
Jewellery
 f - a ring of positive energy (left hand)
Scrolls
 g - a scroll of vulnerability {unknown}
 k - a scroll of identify {unknown}
Potions
 c - 2 potions of heal wounds {unknown}
 d - a potion of curing
 h - 2 potions of attraction {unknown}


   Skills:
 + Level 5.3 Fighting
 + Level 5.3 Polearms
 + Level 4.4 Armour
 + Level 4.0 Dodging


You had 5 spell levels left.
You didn't know any spells.
Your spell library was empty.

Dungeon Overview and Level Annotations

Branches:
Dungeon (3/15)

Altars:
The Shining One

Shops:
D:1 !


Innate Abilities, Weirdness & Mutations

You have a pair of horns on your head.
You reflexively headbutt those who attack you in melee.


Message History

The worm is almost dead.
You puncture the worm!
You kill the worm!
Trog accepts your kill.
You feel a strong urge to attack something.
You enter the shallow water.
Moving in this stuff is going to be slow.
You feel your anger nearly subside.
You are no longer berserk.
You are exhausted.
You feel yourself slow down.
An adder and a rat come into view.
The adder hisses angrily.
You hear an angry hiss.
The adder bites you.
* * * LOW HITPOINT WARNING * * *
You are poisoned.
The adder poisons you!
An adder comes into view. x2
The adder bites you but does no damage.
You feel better. The adder bites you.
* * * LOW HITPOINT WARNING * * *
You are poisoned.
The adder poisons you!
The adder bites you but does no damage. x3
You barely miss the adder. Your headbutt misses the adder.
You feel sick. The adder bites you but does no damage. The adder bites you.
* * * LOW HITPOINT WARNING * * *
You are more poisoned.
The adder poisons you! The adder barely misses you.
Your unstable footing causes you to fumble your attack.
* * * LOW HITPOINT WARNING * * *
You feel very sick. The adder bites you but does no damage.
The adder barely misses you. The adder bites you.
* * * LOW HITPOINT WARNING * * *
The adder bites you.
* * * LOW HITPOINT WARNING * * *
As you read the scroll of teleportation, it crumbles to dust.
You feel strangely unstable.
* * * LOW HITPOINT WARNING * * *
You feel sick. The adder bites you but does no damage. The adder bites you.
You die...

#######
#######..†..####
#..)....††.....####
#....≈......##.....
#..≈≈≈≈≈.≈..#######
#####≈#≈#≈≈.#
#≈≈≈≈≈≈≈≈≈##
#@#########
#SSSr≈≈# ####≈#≈# #
## ##. ##.. #...
##..


You could see 3 adders and a rat.

Vanquished Creatures
  A phantom (D:3)
  2 orc priests
  3 orc wizards
  A gnoll (D:3)
  3 adders
  4 river rats (D:3)
  2 worms (D:3)
  2 dart slugs
  7 orcs
  2 endoplasms
  A giant cockroach (D:3)
  6 goblins
  3 hobgoblins
  2 quokkas
  3 ball pythons
  7 bats
  2 frilled lizards (D:1)
  3 kobolds
  4 rats
58 creatures vanquished.

Notes
Turn   | Place    | Note
-------+----------+-------------------------------------------
     0 | D:1      | concernfroge the Minotaur Berserker began the quest for the
                  | Orb.
     0 | D:1      | Reached XP level 1. HP: 19/19 MP: 0/0
   755 | D:1      | Reached XP level 2. HP: 27/27 MP: 1/1
  1081 | D:1      | Found Hetir's Distillery.
  1090 | D:1      | Bought a potion of curing for 42 gold pieces
  1380 | D:2      | Found a glowing golden altar of the Shining One.
  1417 | D:2      | Reached XP level 3. HP: 27/33 MP: 2/2
  1484 | D:2      | Reached XP level 4. HP: 20/41 MP: 3/3
  2218 | D:3      | Reached XP level 5. HP: 14/47 MP: 4/4
  2573 | D:3      | Reached ** piety under Trog
  2574 | D:3      | Reached skill level 5 in Fighting
  2670 | D:3      | Noticed a phantom
  2677 | D:3      | Killed a phantom
  2678 | D:3      | Reached skill level 5 in Polearms
  2678 | D:3      | Reached XP level 6. HP: 50/56 MP: 5/5
  2887 | D:3      | Slain by an adder

Illustrated notes

Levels and vault maps discovered:
D:1:      saegor_arrival_miasma, layout_basic, serial_shops, shop,
          amethyst_killhole, minmay_pentomino_q2
D:2:      layout_rooms, basic_altar
D:3:      minmay_razor_zed, layout_loops_ring, lightli_sewer_entry_pipes,
          uniq_crazy_yiuf_cottage

Skill      XL: |  1  2  3  4  5  6 |
---------------+-------------------+-----
Fighting       | 4 5 |  5.3
Polearms       | 4 5 |  5.3
Armour         | 3 4 |  4.4
Dodging        | 3 4 |  4.0

Action                   |  1- 3 |  4- 6 || total
-------------------------+-------+-------++-------
Melee: Spear             |    58 |   102 ||   160
       Punch             |     2 |     1 ||     3
       Headbutt          |     5 |    11 ||    16
Invok: Berserk           |     1 |     1 ||     2
  Use: Scroll            |     1 |     2 ||     3
       Potion            |       |     1 ||     1
Armor: Plate armour      |    12 |    53 ||    65
       Animal skin       |     3 |       ||     3
Dodge: Dodged            |    13 |    42 ||    55
